 Dungeon Sprint DCSS version 0.16-a0-3008-g8433e14 (webtiles) character file.

35828 RobertPalmer the Formicid Blade (level 14, -14/114 (116) HPs)
             Began as a Formicid Fighter on Dec 7, 2014.
             Was the Champion of Qazlal.
             Demolished by a greater mummy
             ... wielding an uncursed staff of power
              (16 damage)
             ... in the Dungeon (Sprint V: "Ziggurat Sprint").
             The game lasted 00:15:21 (2451 turns).

RobertPalmer the Formicid Blade (Formicid Fighter)  Turns: 2451, Time: 00:15:21

HP:   -14/114 (116) AC: 37    Str: 29    XL:     14   Next: 20%
MP:   18/18         EV:  8    Int:  8    God:    Qazlal [******]
Gold: 0             SH: 40    Dex: 14    Spells: 0 memorised, 13 levels left

rFire  + + .     SeeInvis +     G - +14 plutonium sword {Contam Stlth-}
rCold  + + .     Clarity  .     H - +15 Maxwell's patent armour {rC+ rF+, -Cast -Tele MR+} (curse)
rNeg   + . .     SustAb   .     I - +18 shield of the gong {rElec rN+ MR+ EV-5}
rPois  .         Gourm    .     (helmet unavailable)
rElec  +         Spirit   .     (no cloak)
rCorr  .         Warding  .     N - +2 pair of gloves {Str+3}
rMut   .         Stasis   +     (no boots)
MR     +++..     NoCast   +     c - amulet "Vaxteju" {+Rage Int-1 Slay+2}
Stlth  ..........               a - ring "Oroemyle" {rElec rF+ rC+}
                                b - +5 ring of evasion

@: mighty, repel missiles, extremely resistant to hostile enchantments,
extremely unstealthy
A: permanent stasis, dig shafts and tunnels, four strong arms, antennae 3
a: Dig, Upheaval, Elemental Force, Disaster Area, Renounce Religion


You were in the Dungeon.
You worshipped Qazlal.
Qazlal was exalted by your worship.
You were not hungry.

You visited 1 branch


Innate Abilities, Weirdness & Mutations

You are under a permanent stasis effect.
You can dig through walls and to a lower floor.
Your four strong arms can wield two-handed weapons with a shield.
You have a pair of large antennae on your head (SInv).


   Skills:
 - Level 12.5 Fighting
 - Level 25.0 Long Blades
 + Level 19.4 Armour
 + Level 12.4 Shields


You had 13 spell levels left.
You didn't know any spells.

Inventory:

Hand weapons
 G - the +14 plutonium sword (weapon) {Contam Stlth-}
   (You found it in the Dungeon)

   It causes magical contamination when unequipped.
   It makes you less stealthy.
Armour
 H - the cursed +15 Maxwell's patent armour (worn) {rC+ rF+, -Cast -Tele MR+}
   (You found it in the Dungeon)

   It affects your resistance to hostile enchantments.
   It prevents spellcasting.
   It prevents most forms of teleportation.
   It has a curse placed upon it.
 I - the +18 shield of the gong (worn) {rElec rN+ MR+ EV-5}
   (You found it in the Dungeon)

   It affects your evasion (-5).
   It insulates you from electricity.
   It protects you from negative energy.
   It affects your resistance to hostile enchantments.
 N - a +2 pair of gloves of strength (worn)
Rods
 m - a +2 rod of clouds (12/12) {!a}
   (You found it in the Dungeon)
Jewellery
 a - the ring "Oroemyle" (right hand) {rElec rF+ rC+}
   (You found it in the Dungeon)

   [ring of protection from fire]

   It protects you from fire.
   It protects you from cold.
   It insulates you from electricity.
 b - a +5 ring of evasion (left hand)
 c - the amulet "Vaxteju" (around neck) {+Rage Int-1 Slay+2}
   (You found it in the Dungeon)

   [amulet of rage]

   It affects your intelligence (-1).
   It affects your accuracy and damage with ranged weapons and melee attacks
   (+2).
   It lets you go berserk.
 B - the amulet of Impatience {Faith rF+ Str+4}
   (You found it in the Dungeon)

   [amulet of faith]

   It allows you to gain divine favour quickly.
   It affects your strength (+4).
   It protects you from fire.
Magical devices
 x - a wand of disintegration (7)
 y - a wand of fire (5)
 z - a wand of cold (5)
 A - a wand of draining (5)
Scrolls
 o - 4 scrolls of amnesia
 p - 3 scrolls of recharging
 q - 6 scrolls of fog
 s - 5 scrolls of identify
 t - 4 scrolls of remove curse
 u - 2 scrolls of fear
Potions
 e - 6 potions of might
 f - 8 potions of curing
 h - 2 potions of brilliance
 i - 7 potions of magic
 j - 2 potions of invisibility
 k - 2 potions of restore abilities
 l - 3 potions of resistance
 n - 4 potions of agility
Miscellaneous
 r - a phantom mirror
Comestibles
 d - 3 bread rations
 v - 42 fruits
 w - 4 meat rations

Dungeon Overview and Level Annotations

Branches:
Dungeon (1/1)

Altars:
Ashenzari
Cheibriados
Dithmenos
Elyvilon
Fedhas
Gozag
Kikubaaqudgha
Makhleb
Nemelex Xobeh
Okawaru
Qazlal
Ru
Sif Muna
Trog
Vehumet
Xom
Yredelemnul
Zin
The Shining One
Beogh
Jiyva
Lugonu

▓......... ▓...
▓.........M. ▓..▓
▓...{...M.... ▓)▓▓
▓..#..{.......▓..▓
▓..▓.......▓..▓.)†
▓.▓M▓.....▓.▓ ▓▓▓▓
▓MM▓Z......▓..▓...
▓MMMsM........▓..?
▓aMBBB........▓.†.
▓▓▓▓▓▓▓▓▓▓▓▓▓▓▓...
▓...


{{{{{{{{{{{ ▓... {{{{{{{{{ ▓... ▓..▓ ▓.▓▓ ▓..▓ ▓... You could see a greater
mummy, an emperor scorpion, 3 death scarabs, 6 mummies and a quokka zombie.


Message History

Unknown command.
Unknown command.
You slice the greater mummy!!
The greater mummy is lightly damaged.
The greater mummy is engulfed in roaring flames.
The greater mummy completely misses you.
You block the mummy's attack.
SHROANNG!
Unknown command.
You slice the greater mummy!!
The greater mummy is moderately damaged.
The greater mummy is engulfed in roaring flames.
The greater mummy gestures at you while chanting.
Something smites you!
* * * LOW HITPOINT WARNING * * *
You block the mummy's attack.
BONNNG!
Unknown command.
Unknown command.
You slice the greater mummy!!
The greater mummy is heavily damaged.
You block the mummy's attack.
GONNNNG!
Unknown command.
Unknown command.
You cut the greater mummy into ribbons!!!
The greater mummy is almost destroyed.
The greater mummy is engulfed in roaring flames.
The greater mummy hits you with an uncursed staff of power!
You die...

Action                   |  1- 3 |  4- 6 |  7- 9 | 10-12 | 13-15 || total
-------------------------+-------+-------+-------+-------+-------++-------
Melee: Demon blade       |    11 |    11 |       |       |       ||    22
       Double sword      |       |    16 |    22 |     3 |       ||    41
       Triple sword      |       |       |       |   150 |   169 ||   319
  Use: Potion            |       |       |     4 |     7 |     5 ||    16
       Scroll            |       |       |       |     2 |     1 ||     3
  Eat: Bread ration      |       |       |       |     1 |     1 ||     2

Vault maps used:
D:        sprint_v

Notes
Turn   | Place    | Note
--------------------------------------------------------------
     0 | D        | RobertPalmer, the Formicid Fighter, began the quest for the Orb.
     0 | D        | Reached XP level 1. HP: 18/18 MP: 1/1
     0 | D        | Found a corrupted altar of Lugonu.
     0 | D        | Found a viscous altar of Jiyva.
     0 | D        | Found a white marble altar of Elyvilon.
     0 | D        | Found a burning altar of Makhleb.
     0 | D        | Found an iron altar of Okawaru.
     2 | D        | Found a sparkling altar of Nemelex Xobeh.
     2 | D        | Found a basalt altar of Yredelemnul.
     2 | D        | Found a deep blue altar of Sif Muna.
     2 | D        | Found a radiant altar of Vehumet.
     6 | D        | Found a bloodstained altar of Trog.
     6 | D        | Found a shimmering altar of Xom.
    53 | D        | Identified a +5 fire dragon armour (You found it in the Dungeon)
   204 | D        | Became a worshipper of Qazlal Stormbringer
   214 | D        | Entered arena 1.
   214 | D        | Noticed an iguana
   214 | D        | Noticed a porcupine
   220 | D        | Killed an iguana
   220 | D        | Reached skill level 6 in Long Blades
   220 | D        | Reached XP level 2. HP: 17/24 MP: 3/3
   220 | D        | Reached XP level 3. HP: 20/29 MP: 4/4
   226 | D        | Killed a porcupine
   226 | D        | Reached skill level 9 in Long Blades
   226 | D        | Reached XP level 4. HP: 19/35 MP: 5/5
   226 | D        | Reached XP level 5. HP: 22/41 MP: 7/7
   367 | D        | Entered arena 2.
   369 | D        | Acquired Qazlal's first power
   376 | D        | Got the ring of Geunurch {MP+9 Dex+2}
   380 | D        | Entered arena 3.
   380 | D        | Noticed an orc priest
   383 | D        | Acquired Qazlal's second power
   388 | D        | Killed an orc priest
   388 | D        | Reached skill level 10 in Long Blades
   388 | D        | Reached skill level 4 in Armour
   575 | D        | Entered arena 4.
   575 | D        | Noticed Sigmund
   575 | D        | Noticed Jessica
   575 | D        | Noticed Blork the orc
   575 | D        | Noticed Crazy Yiuf
   580 | D        | Killed Crazy Yiuf
   580 | D        | Acquired Qazlal's third power
   580 | D        | Reached skill level 5 in Armour
   580 | D        | Reached XP level 6. HP: 47/47 MP: 8/8
   586 | D        | Killed Sigmund
   586 | D        | Reached skill level 11 in Long Blades
   586 | D        | Reached skill level 7 in Armour
   586 | D        | Killed Blork the orc
   588 | D        | Killed Jessica
   588 | D        | Reached skill level 8 in Armour
   599 | D        | Identified a +5 crystal plate armour (You found it in the Dungeon)
   609 | D        | Identified a +5 gold dragon armour (You found it in the Dungeon)
   632 | D        | Entered arena 5.
   632 | D        | Noticed a blue devil
   632 | D        | Noticed a crimson imp
   632 | D        | Noticed a crimson imp
   637 | D        | Acquired Qazlal's fourth power
   639 | D        | Killed a crimson imp
   639 | D        | Reached skill level 12 in Long Blades
   639 | D        | Reached XP level 7. HP: 52/52 MP: 9/9
   640 | D        | Killed a blue devil
   640 | D        | Reached skill level 13 in Long Blades
   653 | D        | Killed a crimson imp
   653 | D        | Acquired Qazlal's fifth power
   666 | D        | Entered arena 6.
   666 | D        | Noticed a brown ugly thing
   666 | D        | Noticed a purple ugly thing
   666 | D        | Noticed a brown ugly thing
   666 | D        | Noticed a neqoxec
   666 | D        | Noticed a swamp dragon
   666 | D        | Noticed a queen bee
   669 | D        | Reached skill level 15 in Long Blades
   669 | D        | Reached XP level 8. HP: 52/58 MP: 11/11
   671 | D        | Noticed an octopode
   671 | D        | a queen bee changed into an octopode
   671 | D        | Killed a neqoxec
   671 | D        | Reached XP level 9. HP: 57/64 MP: 12/12
   679 | D        | Killed a purple ugly thing
   679 | D        | Reached skill level 16 in Long Blades
   680 | D        | Killed an octopode
   680 | D        | Reached skill level 17 in Long Blades
   683 | D        | Killed a swamp dragon
   683 | D        | Reached skill level 18 in Long Blades
   684 | D        | Killed a green ugly thing
   684 | D        | Reached XP level 10. HP: 27/70 MP: 13/13
   687 | D        | Killed a purple ugly thing
   687 | D        | Reached skill level 19 in Long Blades
   999 | D        | Entered arena 7.
   999 | D        | Noticed an air elemental
   999 | D        | Noticed an insubstantial wisp
   999 | D        | Noticed an insubstantial wisp
   999 | D        | Noticed a wind drake
   999 | D        | Noticed an air elemental
   999 | D        | Noticed an air elemental
  1003 | D        | Killed an air elemental
  1004 | D        | Killed an air elemental
  1006 | D        | Killed an insubstantial wisp
  1010 | D        | Killed a wind drake
  1010 | D        | Reached skill level 20 in Long Blades
  1013 | D        | Killed an air elemental
  1017 | D        | Killed an insubstantial wisp
  1030 | D        | Entered arena 8.
  1030 | D        | Noticed a mummy priest
  1030 | D        | Noticed an anubis guard
  1030 | D        | Noticed an ushabti
  1030 | D        | Noticed an anubis guard
  1030 | D        | Noticed a mummy priest
  1043 | D        | Killed a mummy priest
  1043 | D        | Reached skill level 10 in Armour
  1044 | D        | Killed a mummy priest
  1044 | D        | Reached skill level 12 in Armour
  1044 | D        | Reached XP level 11. HP: 53/75 MP: 15/15
  1046 | D        | Killed an anubis guard
  1046 | D        | Reached skill level 13 in Armour
  1047 | D        | Killed an ushabti
  1049 | D        | Killed an anubis guard
  1056 | D        | Got the ring "Oroemyle" {rElec rF+ rC+}
  1151 | D        | Entered arena 9.
  1151 | D        | Noticed a deep elf fighter
  1151 | D        | Noticed a deep elf conjurer
  1151 | D        | Noticed a deep elf priest
  1151 | D        | Noticed a deep elf knight
  1151 | D        | Noticed a deep elf priest
  1151 | D        | Noticed a deep elf knight
  1151 | D        | Noticed a deep elf knight
  1158 | D        | Killed a deep elf knight
  1158 | D        | Reached skill level 14 in Armour
  1162 | D        | Killed a deep elf conjurer
  1162 | D        | Reached skill level 15 in Armour
  1163 | D        | Killed a deep elf priest
  1163 | D        | Killed a deep elf knight
  1163 | D        | Reached skill level 16 in Armour
  1163 | D        | Killed a deep elf knight
  1169 | D        | Killed a deep elf fighter
  1171 | D        | Killed a deep elf priest
  1171 | D        | Reached skill level 17 in Armour
  1210 | D        | Entered arena 10.
  1210 | D        | Noticed a yaktaur
  1210 | D        | Noticed a vault warden
  1210 | D        | Noticed a vault guard
  1210 | D        | Noticed a freezing wraith
  1210 | D        | Noticed a vault sentinel
  1210 | D        | Noticed a vault guard
  1210 | D        | Noticed a vault guard
  1210 | D        | Noticed a vault guard
  1211 | D        | Identified the +9 trident "Tavvofau" {drain, -Tele Str+2}
  1223 | D        | Killed a vault guard
  1223 | D        | Reached skill level 5 in Fighting
  1238 | D        | Killed a vault guard
  1238 | D        | Reached skill level 6 in Fighting
  1242 | D        | Killed a vault warden
  1242 | D        | Reached skill level 8 in Fighting
  1242 | D        | Reached skill level 21 in Long Blades
  1242 | D        | Reached XP level 12. HP: 53/92 MP: 16/16
  1246 | D        | Killed a vault guard
  1246 | D        | Reached skill level 9 in Fighting
  1249 | D        | Killed a freezing wraith
  1254 | D        | Killed a vault sentinel
  1256 | D        | Reached skill level 10 in Fighting
  1262 | D        | Killed a vault guard
  1266 | D        | Killed a yaktaur
  1266 | D        | Reached skill level 11 in Fighting
  1361 | D        | Got the amulet "Vaxteju" {+Rage Int-1 Slay+2}
  1475 | D        | Entered arena 11.
  1475 | D        | Noticed an efreet
  1475 | D        | Noticed a fire dragon
  1475 | D        | Noticed a fire elemental
  1475 | D        | Noticed a fire elemental
  1475 | D        | Noticed an efreet
  1475 | D        | Noticed a hell hound
  1475 | D        | Noticed a fire dragon
  1475 | D        | Noticed a fire vortex
  1476 | D        | Noticed a fire elemental
  1476 | D        | Noticed an efreet
  1479 | D        | Killed a hell hound
  1486 | D        | Killed an efreet
  1487 | D        | Killed a fire elemental
  1490 | D        | Killed a fire dragon
  1497 | D        | a fire dragon changed into a griffon
  1499 | D        | Reached skill level 12 in Fighting
  1499 | D        | Reached skill level 22 in Long Blades
  1500 | D        | Killed a fire elemental
  1501 | D        | an efreet changed into an apocalypse crab
  1506 | D        | Killed a fire elemental
  1510 | D        | Killed an efreet
  1525 | D        | Got the cursed -5 pair of boots "Jiufeofu" {rC+}
  1533 | D        | Killed a fire vortex
  1794 | D        | Entered arena 12.
  1794 | D        | Noticed an iron imp
  1794 | D        | Noticed an iron imp
  1794 | D        | Noticed an iron imp
  1794 | D        | Noticed a rust devil
  1794 | D        | Noticed a red devil
  1794 | D        | Noticed a shadow
  1794 | D        | Noticed a rust devil
  1794 | D        | Noticed a freezing wraith
  1795 | D        | Noticed a rust devil
  1799 | D        | Killed a freezing wraith
  1801 | D        | Killed a shadow
  1809 | D        | Killed a rust devil
  1814 | D        | Killed a rust devil
  1816 | D        | Killed a rust devil
  1818 | D        | Killed an iron imp
  1821 | D        | Killed an iron imp
  1825 | D        | Killed an iron imp
  1833 | D        | Killed a red devil
  1833 | D        | Reached XP level 13. HP: 63/107 MP: 17/17
  2007 | D        | Got the amulet of Impatience {Faith rF+ Str+4}
  2016 | D        | Entered arena 13.
  2016 | D        | Noticed a yellow wasp
  2016 | D        | Noticed a spider
  2016 | D        | Noticed a yellow wasp
  2017 | D        | Noticed a jumping spider
  2017 | D        | Noticed an orb spider
  2018 | D        | Noticed a spider
  2019 | D        | Noticed a red wasp
  2021 | D        | Noticed a redback
  2024 | D        | Noticed a red wasp
  2024 | D        | Killed a yellow wasp
  2025 | D        | Killed a yellow wasp
  2026 | D        | Noticed a trapdoor spider
  2026 | D        | Killed a spider
  2027 | D        | Killed a jumping spider
  2027 | D        | Reached skill level 23 in Long Blades
  2028 | D        | Killed a redback
  2029 | D        | Noticed an orb spider
  2029 | D        | Killed a red wasp
  2032 | D        | Killed a red wasp
  2033 | D        | Killed a trapdoor spider
  2034 | D        | Noticed a boulder beetle
  2035 | D        | Killed a spider
  2049 | D        | Killed an orb spider
  2058 | D        | Killed a boulder beetle
  2066 | D        | Killed an orb spider
  2081 | D        | Entered arena 14.
  2081 | D        | Noticed a fire vortex
  2081 | D        | Noticed a fire elemental
  2081 | D        | Noticed an efreet
  2081 | D        | Noticed a fire vortex
  2082 | D        | Noticed a fire dragon
  2082 | D        | Noticed a fire elemental
  2083 | D        | Noticed a fire drake
  2087 | D        | Killed a fire elemental
  2088 | D        | Killed a fire elemental
  2094 | D        | Noticed a fire vortex
  2095 | D        | Killed a fire dragon
  2095 | D        | Reached skill level 24 in Long Blades
  2096 | D        | Killed a fire drake
  2097 | D        | Noticed a hell hog
  2099 | D        | Noticed a fire giant
  2100 | D        | a hell hog changed into a rakshasa
  2101 | D        | Noticed a fire drake
  2103 | D        | Killed a fire drake
  2104 | D        | Noticed a fire dragon
  2104 | D        | Noticed a great orb of eyes
  2104 | D        | a fire dragon changed into a great orb of eyes
  2106 | D        | Killed a great orb of eyes
  2108 | D        | Noticed a stone giant
  2108 | D        | a fire giant changed into a stone giant
  2110 | D        | Noticed an efreet
  2118 | D        | Killed a fire giant
  2121 | D        | Killed an efreet
  2124 | D        | Killed an efreet
  2129 | D        | Killed a fire vortex
  2135 | D        | Killed a fire vortex
  2135 | D        | Reached skill level 25 in Long Blades
  2153 | D        | Entered arena 15.
  2153 | D        | Noticed a yak
  2153 | D        | Noticed a porcupine
  2153 | D        | Noticed a water moccasin
  2154 | D        | Noticed a spiny frog
  2154 | D        | Noticed a giant frog
  2154 | D        | Noticed a water moccasin
  2154 | D        | Noticed a blink frog
  2155 | D        | Noticed a giant frog
  2155 | D        | Noticed a wyvern
  2156 | D        | Noticed a komodo dragon
  2158 | D        | Noticed a boring beetle
  2160 | D        | Killed a giant frog
  2163 | D        | Killed a wyvern
  2163 | D        | Reached skill level 4 in Shields
  2169 | D        | Killed a spiny frog
  2173 | D        | Killed a komodo dragon
  2173 | D        | Reached skill level 5 in Shields
  2176 | D        | Killed a blink frog
  2177 | D        | Killed a water moccasin
  2179 | D        | Killed a water moccasin
  2183 | D        | Killed a yak
  2184 | D        | Killed a porcupine
  2185 | D        | Reached skill level 6 in Shields
  2189 | D        | Killed a giant frog
  2199 | D        | Killed a boring beetle
  2215 | D        | Entered arena 16.
  2219 | D        | Noticed a ghoul
  2221 | D        | Noticed a soul eater
  2222 | D        | Noticed a soul eater
  2238 | D        | Killed a ghoul
  2238 | D        | Reached skill level 7 in Shields
  2249 | D        | Killed a soul eater
  2249 | D        | Reached skill level 8 in Shields
  2254 | D        | Killed a soul eater
  2254 | D        | Reached skill level 18 in Armour
  2399 | D        | Entered arena 17.
  2408 | D        | Noticed a death scarab
  2410 | D        | Noticed a trapdoor spider
  2413 | D        | Noticed an anubis guard
  2413 | D        | Noticed a greater mummy
  2413 | D        | Noticed a mummy priest
  2414 | D        | Noticed a greater mummy
  2420 | D        | Noticed an emperor scorpion
  2421 | D        | Killed a death scarab
  2421 | D        | Reached skill level 9 in Shields
  2426 | D        | Killed a trapdoor spider
  2429 | D        | Killed a mummy priest
  2431 | D        | Noticed an emperor scorpion
  2432 | D        | Killed an emperor scorpion
  2437 | D        | Noticed an emperor scorpion
  2437 | D        | Killed an anubis guard
  2437 | D        | Reached skill level 10 in Shields
  2445 | D        | Killed a greater mummy
  2445 | D        | Reached skill level 19 in Armour
  2445 | D        | Reached skill level 12 in Shields
  2445 | D        | Reached XP level 14. HP: 12/114 MP: 18/18
  2445 | D        | HP: 8/114 [??? (4)]
  2446 | D        | Killed an emperor scorpion
  2449 | D        | HP: 2/114 [greater mummy/divine providence (7)]
  2451 | D        | Demolished by a greater mummy

Vanquished Creatures
  A greater mummy (D)
  A vault warden (D)
  A fire giant (D)
  2 emperor scorpions (D)
  A ghoul (D)
  2 fire dragons (D)
  4 vault guards (D)
  A great orb of eyes (D)
  3 mummy priests (D)
  A rakshasa (D)
  3 deep elf knights (D)
  2 soul eaters (D)
  A death scarab (D)
  An anubis guard (shapeshifter) (D)
  A swamp dragon (shapeshifter) (D)
  3 anubis guards (D)
  3 ugly things (D)
  A deep elf conjurer (D)
  2 orb spiders (D)
  2 red wasps (D)
  A griffon (D)
  A vault sentinel (D)
  An octopode (shapeshifter) (D)
  3 rust devils (D)
  A spiny frog (D)
  An apocalypse crab (D)
  A yaktaur (D)
  4 efreet (D)
  A komodo dragon (D)
  A red devil (D)
  A blue devil (D)
  2 fire drakes (D)
  A jumping spider (D)
  2 freezing wraiths (D)
  A wind drake (D)
  2 deep elf priests (D)
  A blink frog (D)
  3 fire vortices (D)
  An ushabti (D)
  2 trapdoor spiders (D)
  A boulder beetle (D)
  A redback (D)
  3 air elementals (D)
  A yak (D)
  A neqoxec (D)
  A chaos spawn (D)
  A shadow (D)
  A wyvern (D)
  A deep elf fighter (D)
  5 fire elementals (D)
  2 insubstantial wisps (D)
  2 yellow wasps (D)
  A hell hound (D)
  2 porcupines (D)
  2 water moccasins (D)
  2 spiders (D)
  A boring beetle (D)
  Sigmund (D)
  Blork the orc (D)
  2 giant frogs (D)
  An orc priest (D)
  2 crimson imps (D)
  3 iron imps (D)
  Crazy Yiuf (D)
  An iguana (D)
  A sheep (D)
  Jessica (D)
  A mummy (D)
  A river rat (D)
  2 shadow imps (D)
  An adder (D)
  An adder zombie (D)
  2 adder skeletons (D)
  3 orcs (D)
  3 spectral bats (D)
  3 bat skeletons (D)
  2 ball python skeletons (D)
  2 ball python zombies (D)
  A bat simulacrum (D)
  A giant cockroach zombie (D)
  2 giant gecko skeletons (D)
  2 giant gecko zombies (D)
  A quokka zombie (D)
  A spectral giant cockroach (D)
  2 crawling corpses (D)
  A fungus (D)
141 creatures vanquished.

Vanquished Creatures (others)
  A giant mite (D)
  A bat skeleton (D)
2 creatures vanquished.

Grand Total: 143 creatures vanquished
